 Dungeon Crawl Stone Soup version 0.25-a0-578-gc91f01c (webtiles) character file.

Game seed: 9374679348748259925, levelgen mode: deterministic

108 BlueFish the Skirmisher (level 4, -3/41 HPs)
             Began as a Minotaur Fighter on Mar 7, 2020.
             Slain by Sigmund
             ... wielding a +3 scythe of venom
              (10 damage)
             ... on level 3 of the Dungeon.
             The game lasted 00:03:21 (1873 turns).

BlueFish the Skirmisher (Minotaur Fighter)          Turns: 1873, Time: 00:03:22

Health: -3/41      AC:  7    Str: 20    XL:     4   Next: 58%
Magic:  3/3        EV:  9    Int:  5    God:
Gold:   85         SH:  0    Dex: 11    Spells: 3/3 levels left

rFire    . . .     SeeInvis .   a - +0 long sword
rCold    . . .     Gourm    .   (no shield)
rNeg     . . .     Faith    .   b - +0 scale mail
rPois    .         Spirit   .   (helmet restricted)
rElec    .         Reflect  .   (no cloak)
rCorr    .         Harm     .   (no gloves)
MR       .....                  (no boots)
Stlth    ..........             (no amulet)
HPRegen  0.13/turn              (no ring)
MPRegen  0.08/turn              (no ring)

@: mighty, lethally poisoned (-3 -> -22)
A: retaliatory headbutt, horns 2
a: no special abilities


You were on level 3 of the Dungeon.
You were not hungry.

You visited 1 branch of the dungeon, and saw 3 of its levels.

You collected 85 gold pieces.

Inventory:

Hand Weapons
 a - a +0 long sword (weapon)
Armour
 b - a +0 scale mail (worn)
 c - a +0 kite shield
Jewellery
 g - an uncursed ring of fire {unknown}
Scrolls
 m - 2 scrolls of teleportation
Potions
 e - a potion of mutation
 h - a potion of ambrosia
 i - a potion of cancellation
 j - a potion of lignification {unknown}
 k - a potion of invisibility {unknown}
 o - a potion of curing {unknown}
Comestibles
 f - 3 rations
 p - 4 chunks of flesh


   Skills:
 * Level 4.6 Fighting
 * Level 3.8 Long Blades
 * Level 4.5 Armour
 + Level 0.1 Dodging
 + Level 4.2 Shields


You had 3 spell levels left.
You didn't know any spells.
Your spell library was empty.

Dungeon Overview and Level Annotations

Branches:
Dungeon (3/15)

Altars:
Uskayaw

Annotations:
D:3 Sigmund


Innate Abilities, Weirdness & Mutations

You reflexively headbutt those who attack you in melee.
You have a pair of horns on your head.


Message History

No target in view!
No target in view!
Okay, then.
You miss something. Your headbutt misses something. Something hits you.
You miss something. Your headbutt misses something. Something hits you.
You closely miss something. Your headbutt misses something. Something hits you.
You are poisoned.
Some of the chunks of flesh in your inventory have rotted away.
You closely miss something.
You feel sick. Something hits you but does no damage.
You are more poisoned.
Your scale mail prevents you from hitting something.
You feel sick.
You hit something. You headbutt something.
You feel sick. Something hits you!
* * * LOW HITPOINT WARNING * * *
You are more poisoned.
You feel very mighty all of a sudden.
* * * LOW HITPOINT WARNING * * *
You feel sick. Something hits you!
You die...

### # ..
###.####.###
...........
#....># #@.#
#{.# ##...
.#... .#####
.# .. ..


There were no monsters in sight!

Vanquished Creatures
  4 adders (D:2)
  An ooze (D:1)
  4 dart slugs
  2 leopard geckos (D:2)
  5 bats
  2 giant cockroaches (D:1)
  8 goblins
  4 hobgoblins (D:1)
  5 jackals
  8 kobolds
  A quokka (D:2)
  2 ball pythons (D:2)
  2 frilled lizards
  9 rats
57 creatures vanquished.

Notes
Turn   | Place    | Note
-------+----------+-------------------------------------------
     0 | D:1      | BlueFish the Minotaur Fighter began the quest for the Orb.
     0 | D:1      | Reached XP level 1. HP: 19/19 MP: 0/0
   169 | D:1      | Reached XP level 2. HP: 24/27 MP: 1/1
   402 | D:1      | Reached XP level 3. HP: 33/33 MP: 2/2
  1040 | D:2      | Found a hide-covered altar of Uskayaw.
  1051 | D:2      | Noticed a +0 hand axe
  1054 | D:2      | Noticed a +0 hand axe
  1124 | D:2      | Reached XP level 4. HP: 34/41 MP: 3/3
  1865 | D:3      | Noticed Sigmund
  1873 | D:3      | Slain by Sigmund

Levels and vault maps discovered:
D:1:      onia_arrival_pentagram, layout_basic, chequers_avenue
D:2:      cheibrodos_old_hovel, layout_basic, dancing_weapons_uskayaw,
          wad_floor_pattern_1, minmay_misc_feat_tower, minmay_puff
D:3:      layout_rooms, first_ration, nicolae_ru_sacrificial_ziggurat,
          uniq_crazy_yiuf_cottage, uniq_sigmund

Skill      XL: |  1  2  3 |
---------------+----------+-----
Armour         | 4 |  4.5
Fighting       | 4 |  4.6
Long Blades    | 3 |  3.8
Shields        | 4 |  4.2
Dodging        | |  0.1

Action                   |  1- 3 |  4- 6 || total
-------------------------+-------+-------++-------
Melee: Long sword        |    69 |    44 ||   113
       Headbutt          |    12 |     9 ||    21
  Use: Scroll            |     2 |     4 ||     6
       Potion            |       |     1 ||     1
  Eat: Chunk             |     1 |     2 ||     3
Armor: Scale mail        |    27 |    25 ||    52
Dodge: Dodged            |    37 |    25 ||    62
       Rpst.: Long sword |    13 |     6 ||    19

Table legend:
 A = Non-vault XP
 B = Vault XP
 C = Vault XP percentage of total XP
 D = Non-vault monster count
 E = Vault monster count
 F = Vault count percentage of total count
                 A         B        C        D         E       F
            +---------+---------+-------+---------+---------+-------
      Total |     134 |      21 |  13.5 |      52 |       5 |   8.8
            +---------+---------+-------+---------+---------+-------
        D:1 |      61 |       0 |   0.0 |      30 |       0 |   0.0
        D:2 |      73 |      21 |  22.3 |      22 |       5 |  18.5
            +---------+---------+-------+---------+---------+-------
